 Dungeon Crawl Stone Soup version 0.24.0-13-gcf9b319 (webtiles) character file.

Game seed: 16967324963149257536, levelgen mode: deterministic

60 Birdy the Ducker (level 4, -1/31 HPs)
             Began as a Halfling Monk on Dec 24, 2019.
             Slain by Natasha (2 damage)
             ... on level 2 of the Dungeon.
             The game lasted 00:02:25 (1571 turns).

Birdy the Ducker (Halfling Monk)                    Turns: 1571, Time: 00:02:25

Health: -1/31      AC:  3    Str: 12    XL:     4   Next: 25%
Magic:  4/4        EV: 16    Int:  8    God:
Gold:   95         SH:  0    Dex: 17    Spells: 3/3 levels left

rFire    . . .     SeeInvis .   a - +0 falchion
rCold    . . .     Gourm    .   (shield restricted)
rNeg     . . .     Faith    .   b - +0 robe
rPois    .         Spirit   .   (no helmet)
rElec    .         Reflect  .   (no cloak)
rCorr    .         Harm     .   i - +0 pair of gloves
MR       .....     Rnd*Tele +   (no boots)
Stlth    ++........             (no amulet)
HPRegen  0.10/turn              j - ring of teleportation (curse)
MPRegen  0.09/turn              (no ring)

@: no status effects
A: small, mutation resistance 1
a: no special abilities


You were on level 2 of the Dungeon.
You were not hungry.

You visited 1 branch of the dungeon, and saw 2 of its levels.

You collected 95 gold pieces.

Inventory:

Hand Weapons
 a - a +0 falchion (weapon)
Armour
 b - a +0 robe (worn)
 i - a +0 pair of gloves (worn)
Jewellery
 j - a cursed ring of teleportation (left hand)
Scrolls
 d - 2 scrolls of teleportation
 e - a scroll of random uselessness {unknown}
 h - a scroll of identify
Potions
 f - 2 potions of invisibility
 g - a potion of heal wounds
Comestibles
 c - 2 rations


   Skills:
 + Level 3.2 Fighting
 + Level 3.5 Long Blades
 + Level 1.7 Armour
 + Level 3.8 Dodging
 - Level 2.1 Stealth


You had 3 spell levels left.
You didn't know any spells.
Your spell library was empty.

Dungeon Overview and Level Annotations

Branches:
Dungeon (2/15)

Altars:

Annotations:
D:2 Natasha


Innate Abilities, Weirdness & Mutations

You are small and have problems with some larger weapons.
You are somewhat resistant to further mutation.


Message History

Natasha claws you.
You hit Natasha but do no damage.
Natasha is heavily wounded.
Natasha closely misses you.
You riposte.
You hit Natasha.
Natasha is severely wounded.
You closely miss Natasha.
Natasha is severely wounded.
Natasha claws you.
You hit Natasha.
Natasha is almost dead.
Natasha claws you. Natasha claws you!
* * * LOW HITPOINT WARNING * * *
Okay, then.
You hit Natasha but do no damage.
Natasha is almost dead.
Natasha casts a spell.
You hit Natasha but do no damage.
Natasha is almost dead.
Natasha claws you.
You die...

**,********** #....
*,,,,,,,,,,,* #..##
*,,**###***,* #..##
*,,**#.#* *,* ##..#.
*,,,,...* *,*#####.....
*,***#5#* *,,........#.
*,* #.# ***#####...#.
*,***#h# #.....
*,,,##@###########.....
***,#...##...........##
*,#...............###
*,#...##.####.######.
*,######.###...## #.
*,#####...#.###.## #.
*,.........## ##.###.
*,,**##.....###......
*,,* ##.#)#.#.#.##..


You could see Natasha and a crimson imp.

Vanquished Creatures
  Natasha (D:2)
  2 oozes (D:1)
  A leopard gecko (D:1)
  4 bats
  A goblin (D:2)
  7 jackals
  4 kobolds
  2 frilled lizards
  3 rats
25 creatures vanquished.

Notes
Turn   | Place    | Note
-------+----------+-------------------------------------------
     0 | D:1      | Birdy the Halfling Monk began the quest for the Orb.
     0 | D:1      | Reached XP level 1. HP: 15/15 MP: 1/1
    61 | D:1      | Reached XP level 2. HP: 11/20 MP: 2/2
   812 | D:1      | Reached skill level 1 in Armour
   850 | D:1      | Reached XP level 3. HP: 23/25 MP: 3/3
  1399 | D:2      | Noticed Natasha
  1408 | D:2      | Killed Natasha
  1408 | D:2      | Reached XP level 4. HP: 20/31 MP: 4/4
  1560 | D:2      | Noticed Natasha
  1569 | D:2      | HP: 1/31 [Natasha (9)]
  1571 | D:2      | Slain by Natasha

Levels and vault maps discovered:
D:1:      lightli_arrival_flooded_house, layout_basic, serial_bayou_pond_d,
          minmay_misc_feat_four_crosses, minmay_tromino_v2
D:2:      layout_loops_ring, uniq_natasha

Skill      XL: |  1  2  3 |
---------------+----------+-----
Armour         | 1 |  1.7
Fighting       | 3 |  3.2
Long Blades    | |  3.5
Dodging        | |  3.8
Stealth        | |  2.1

Action                   |  1- 3 |  4- 6 || total
-------------------------+-------+-------++-------
Melee: Falchion          |    80 |     8 ||    88
  Use: Scroll            |     4 |       ||     4
       Potion            |     1 |       ||     1
 Stab: Sleeping          |     4 |       ||     4
  Eat: Chunk             |     1 |     1 ||     2
Armor: Robe              |    15 |       ||    15
Dodge: Dodged            |    90 |     2 ||    92
       Rpst.: Falchion   |    27 |     1 ||    28
